 Dungeon Crawl Stone Soup version 0.20-a0-441-g89e74e4 (webtiles) character file.

21 M4edhros the Grave Robber (level 2, 0/17 HPs)
             Began as an Octopode Necromancer on Jan 6, 2017.
             Slain by a bat (1 damage)
             ... on level 2 of the Dungeon.
             The game lasted 00:01:17 (357 turns).

M4edhros the Grave Robber (Octopode Necromancer)     Turns: 357, Time: 00:01:17

Health: 0/17       AC:  1    Str: 12    XL:     2   Next: 87%
Magic:  0/5        EV: 13    Int: 17    God:
Gold:   21         SH:  0    Dex: 12    Spells: 4/5 levels left

rFire  . . .     SeeInvis .       - Unarmed
rCold  . . .     Gourm    .     (no shield)
rNeg   . . .     Faith    .     (helmet restricted)
rPois  .         Spirit   .     (no amulet)
rElec  .         Reflect  .     (no ring)
rCorr  .         Harm     .     (no ring)
MR     .....                    (no ring)
Stlth  +++.......               (no ring)
                                (no ring)
                                (no ring)
                                (no ring)
                                (no ring)

@: mighty
A: almost no armour, stealthy swim, amphibious, 8 rings, constrict 8, camouflage
1, gelatinous body 1
a: no special abilities


You were on level 2 of the Dungeon.
You were not hungry.

You visited 1 branch of the dungeon, and saw 2 of its levels.

You collected 21 gold pieces.

Inventory:

Missiles
 d - a throwing net (quivered)
Scrolls
 f - a scroll of amnesia {unknown}
 g - a scroll of fog {unknown}
 i - a scroll of remove curse {unknown}
Potions
 c - 2 potions of might
 e - 2 potions of lignification {unknown}
 h - a potion of agility {unknown}
Books
 a - a book of Necromancy

   Spells                             Type                      Level
   a - Pain                           Necromancy                   1
   b - Animate Skeleton               Necromancy                   1
   c - Vampiric Draining              Necromancy                   3
   d - Regeneration                   Charms/Necromancy            3
   e - Animate Dead                   Necromancy                   4
   f - Control Undead                 Necromancy                   4
Comestibles
 b - a bread ration


   Skills:
 - Level 2.0 Dodging
 - Level 2.6 Stealth
 + Level 2.4 Unarmed Combat
 - Level 2.0 Spellcasting
 - Level 4.0 Necromancy


You had 4 spell levels left.
You knew the following spells:

 Your Spells              Type           Power        Failure   Level  Hunger
a - Pain                  Necr           ###.         3%          1    #......


Dungeon Overview and Level Annotations

Branches:
Dungeon (2/15)

Altars:
Hepliaklqana
Xom
The Shining One

Annotations:
D:2 Jessica


Innate Abilities, Weirdness & Mutations

You cannot wear most types of armour.
You are very stealthy in the water. (Stealth+)
You are amphibious.
You can wear up to eight rings at the same time.
You can use your tentacles to constrict eight enemies at once.
Your skin changes colour to match your surroundings (Stealth+).
Your rubbery body absorbs attacks. (AC +1, EV +1)


Message History

You can't see any susceptible monsters within range! (Use Z to cast anyway.)
Casting: Pain
Confirm with . or Enter, or press ? or * to list all spells.
Aiming: Pain
Press: ? - help, Shift-Dir - straight line, f - bat
Aim: a bat (resting, chance to defeat MR: 85%)
The bat writhes in agony!
Casting: Pain
Confirm with . or Enter, or press ? or * to list all spells.
Aiming: Pain
Press: ? - help, Shift-Dir - straight line, f/p - bat
Aim: a bat (moderately wounded, chance to defeat MR: 85%)
The bat barely resists.
The bat hits you but does no damage.
Casting: Pain
Confirm with . or Enter, or press ? or * to list all spells.
Aiming: Pain
Press: ? - help, Shift-Dir - straight line, f/p - bat
Aim: a bat (moderately wounded, chance to defeat MR: 85%)
The bat writhes in agony!
The bat hits you.
You die...

########## #........#
##############........#
............##........#
.....>......'...@b.$..#
............##..........
............##..........
.....†......#######.....
............# #.###
#####'####### ..# #
#.######## .# #
#........# #
#####.######.#


You could see a bat.

Vanquished Creatures
  An ooze (D:2)
  A worm (D:2)
  A bat (D:1)
  A giant cockroach (D:2)
  A goblin (D:2)
  3 hobgoblins
  A frilled lizard (D:1)
  2 kobolds (D:2)
  4 rats
15 creatures vanquished.

Notes
Turn   | Place    | Note
-------+----------+-------------------------------------------
     0 | D:1      | M4edhros the Octopode Necromancer began the quest for the Orb.
     0 | D:1      | Reached XP level 1. HP: 11/11 MP: 3/3
   108 | D:1      | Reached skill level 1 in Unarmed Combat
   249 | D:2      | Reached XP level 2. HP: 11/17 MP: 5/5
   265 | D:2      | Found a glowing golden altar of the Shining One.
   306 | D:2      | Found a hazy altar of Hepliaklqana.
   309 | D:2      | Found a shimmering altar of Xom.
   309 | D:2      | Noticed a tentacled monstrosity
   310 | D:2      | Noticed a tentacled monstrosity
   310 | D:2      | Noticed a spectral ugly thing
   317 | D:2      | Noticed Jessica
   357 | D:2      | Slain by a bat

Vault maps used:
D:1:      dpeg_arrival_chambers_temple_mockup, st_stairs_13
D:2:      regret_index_temple_of_mockery, nicolae_qazlal_style_of_elements,
          bloody_trog, tso_oasis_becter,
          nicolae_gozag_cash_rules_everything_around_me, uniq_jessica

Skill      XL: |  1  2 |
---------------+-------+-----
Unarmed Combat | 1 2 |  2.4
Dodging        | |  2.0
Stealth        | |  2.6
Spellcasting   | |  2.0
Necromancy     | |  4.0

Action                   || total
-------------------------++-------
Melee: Unarmed           ||    27
       Tentacles         ||     7
       Constrict         ||     5
 Cast: Pain              ||    13
  Use: Potion            ||     1
 Stab: Sleeping          ||     4
Armor: Skin              ||     3
Dodge: Dodged            ||    22
